 Dungeon Crawl Stone Soup version 0.29-a0-553-g81b289dbe5 (webtiles) character file.

Game seed: 13940750290416962336

1676 porpoise the Skirmisher (level 8, -5/67 HPs)
             Began as a Demonspawn Artificer on June 6, 2022.
             Slain by a wight
             ... wielding a +0 flail
              (11 damage)
             ... on level 5 of the Dungeon on June 7, 2022.
             The game lasted 00:23:23 (7584 turns).

porpoise the Skirmisher (Demonspawn Artificer)      Turns: 7584, Time: 00:23:24

Health: -5/67      AC:  7    Str: 14    XL:     8   Next: 70%
Magic:  8/8        EV: 10    Int: 18    God:
Gold:   311        SH:  8    Dex: 15    Spells: 6/7 levels left

rFire   . . .      SeeInvis .   w - +1 whip (elec)
rCold   . . .      Faith    +   (no shield)
rNeg    + + +      Spirit   .   o - +1 ring mail of Inevitability {-Tele rN++ Int+6}
rPois   .          Reflect  .   (no helmet)
rElec   .          Harm     .   (cloak unavailable)
rCorr   .          Rampage  .   (no gloves)
Will    .....      NoTele   +   G - +0 pair of boots
Stlth   ++........              h - amulet of faith
HPRegen 0.21/turn               D - ring of positive energy
MPRegen 0.11/turn               (no ring)

@: no status effects
A: large bone plates 3, weakness stinger 3
a: no special abilities


You were on level 5 of the Dungeon.
You visited 1 branch of the dungeon, and saw 6 of its levels.

You collected 311 gold pieces.

Inventory:

Hand Weapons
 a - a +2 short sword of speed
 b - a +3 shortbow
 l - a +2 hunting sling of freezing
 s - a +2 vorpal spear
 w - a +1 whip of electrocution (weapon)
Missiles
 q - 9 poisoned darts
 J - 4 curare-tipped darts
Armour
 k - a +0 ring mail
 o - the +1 ring mail of Inevitability (worn) {-Tele rN++ Int+6}
   (You found it on level 2 of the Dungeon)

   Int:       It affects your intelligence (+6).
   rN:        It greatly protects you from negative energy.
   -Tele:     It prevents most forms of teleportation.
 G - a +0 pair of boots (worn)
Magical Staves
 E - a staff of air
Jewellery
 h - an amulet of faith (around neck)
 D - a ring of positive energy (left hand)
Wands
 c - a wand of flame (12)
 d - a wand of charming (14)
 e - a wand of iceblast (8)
 H - a wand of mindburst (21)
Scrolls
 g - a scroll of teleportation
 i - a scroll of magic mapping
 j - a scroll of fog
 m - a scroll of fear {unknown}
 r - a scroll of amnesia {unknown}
 t - a scroll of brand weapon {unknown}
 v - a scroll of enchant armour {unknown}
 y - a scroll of summoning {unknown}
 B - a scroll of blinking {unknown}
 C - a scroll of poison {unknown}
 F - a scroll of immolation {unknown}
 I - a scroll of noise {unknown}
Potions
 f - a potion of ambrosia
 n - a potion of lignification
 p - 3 potions of flight
 u - a potion of brilliance
 A - 2 potions of might


   Skills:
 - Level 7.0 Fighting
 - Level 2.0 Maces & Flails
 - Level 2.0 Polearms
 * Level 5.4 Bows
 - Level 1.7 Armour
 - Level 0.8 Dodging
 - Level 5.0 Stealth
 - Level 3.0 Evocations


You had 6 spell levels left.
You knew the following spells:

 Your Spells              Type           Power      Damage    Failure   Level
a - Apportation           Tloc           0%         N/A       41%         1

Your spell library contained the following spells:

 Spells                   Type           Power      Damage    Failure   Level
 Necrotize                Necr           0%         1d4       41%         1
 Summon Small Mammal      Summ           0%         N/A       41%         1
 Alistair's Intoxication  Tmut/Pois      0%         N/A       100%        5


Dungeon Overview and Level Annotations

Branches:
Dungeon (6/15)
 Temple: D:4-7

Altars:
Dithmenos

Annotations:
D:5 3 runed translucent doors, dolemite99's ghost, novice DsBe
D:6 Dowan; Duvessa


Innate Abilities, Weirdness & Mutations

You are completely covered in large bone plates. (SH +8)
You have a sharp stinger which inflicts weakening toxins.


Message History

You closely miss the wight. You tail-slap the wight.
The wight is moderately damaged.
The wight closely misses you. x2
You hit the wight but do no damage. You tail-slap the wight.
The wight is heavily damaged.
The wight hits you with a +0 flail. You block the wight's attack.
You closely miss the wight.
The wight is heavily damaged.
The wight hits you with a +0 flail! You block the wight's attack.
You hit the wight but do no damage.
The wight is heavily damaged.
The wight barely misses you. The wight hits you with a +0 dagger.
You are too injured to fight recklessly!
You hit the wight but do no damage.
The wight is heavily damaged.
The wight hits you with a +0 flail! The wight hits you with a +0 dagger!
* * * LOW HITPOINT WARNING * * *
The wight closely misses you. The wight hits you but does no damage.
You climb upwards.
Level annotation: 3 runed translucent doors, dolemite99's ghost, novice DsBe
There is a stone staircase leading down here.
Items here: )) [[.
You completely miss the wight. You tail-slap the wight!
The wight is almost destroyed.
The wight hits you with a +0 flail!
* * * LOW HITPOINT WARNING * * *
The wight hits you with a +0 dagger.
* * * LOW HITPOINT WARNING * * *
You completely miss the wight.
The wight is almost destroyed.
The wight closely misses you. You block the wight's attack.
Unknown command.
You feel better. You block the wight's attack.
The wight hits you with a +0 flail!
* * * LOW HITPOINT WARNING * * *
You hit the wight but do no damage. Lightning courses through the wight!
You destroy the wight!
The wight closely misses you.
You hit the wight but do no damage. The wight hits you with a +0 flail!
You die...

.## #..# ##..###.#######.#
#.#####..# ###.#.## #.#
##.......## #####...########.##
#.###.....###.................#
.##........##.###...########..#
###.#.....###.# ##.## #..#
..............# #.# #..#
###.###..#########.# #..# ###.#
##.......)@z.# #..# ....#
############# #####..# ###.#
######).....# ###.#
#.....)....## #...#
#.##.).....# #.#.# #.##.#.##.##
#.#.# ##.##.#.##.# #.#.#
#.....#.##.# #.#.# #..####.##.#


You could see a wight.

Vanquished Creatures
  Sigmund (D:2)
  2 water moccasins
  A sky beast (D:5)
  3 black bears
  An ogre (D:5)
  A centaur (D:5)
  A necrophage (D:5)
  A scorpion (D:6)
  4 wights (D:5)
  A howler monkey (D:5)
  2 jellies
  2 hounds (D:5)
  2 iguanas (D:4)
  An orc wizard (D:4)
  6 gnolls (D:5)
  6 adders
  2 shadow imps
  An ufetubus (D:4)
  A dart slug (D:5)
  2 worms
  12 orcs
  4 ball pythons
  3 bats
  3 endoplasms (D:1)
  15 giant cockroaches
  7 goblins
  4 hobgoblins
  6 jackals
  4 kobolds
  4 quokkas
  3 frilled lizards
  3 rats (D:2)
109 creatures vanquished.

Notes
Turn   | Place    | Note
-------+----------+-------------------------------------------
     0 | D:1      | porpoise the Demonspawn Artificer began the quest for the
                  | Orb.
     0 | D:1      | Reached XP level 1. HP: 15/15 MP: 1/1
   128 | D:1      | Reached skill level 1 in Stealth
   734 | D:1      | Gained mutation: You are partially covered in large bone
                  | plates. (SH +4) [demonic ancestry]
   734 | D:1      | Reached XP level 2. HP: 20/22 MP: 2/2
   834 | D:1      | Reached skill level 2 in Fighting
  1238 | D:1      | Found a faded altar of an unknown god.
  1856 | D:2      | Identified the +1 ring mail of Inevitability {-Tele rN++
                  | Int+6}
  2096 | D:2      | Gained mutation: You are mostly covered in large bone
                  | plates. (SH +6) [demonic ancestry]
  2096 | D:2      | Reached XP level 3. HP: 27/27 MP: 3/3
  2202 | D:2      | You fall into a shaft and drop 2 floors!
  2337 | D:4      | Reached skill level 1 in Polearms
  2706 | D:3      | Gained mutation: You have a small tail. [demonic ancestry]
  2706 | D:3      | Reached XP level 4. HP: 34/34 MP: 4/4
  3058 | D:2      | Reached skill level 3 in Fighting
  3087 | D:2      | Noticed Sigmund
  3102 | D:2      | Killed Sigmund
  3103 | D:2      | Reached skill level 4 in Fighting
  3103 | D:2      | Gained mutation: You have a tail ending in a sharp stinger.
                  | [demonic ancestry]
  3103 | D:2      | Reached XP level 5. HP: 18/43 MP: 5/5
  3374 | D:3      | Noticed a water moccasin
  3380 | D:3      | Killed a water moccasin
  3381 | D:3      | Reached skill level 1 in Maces & Flails
  3381 | D:3      | Gained mutation: You have a sharp stinger which inflicts
                  | weakening toxins. [demonic ancestry]
  3381 | D:3      | Reached XP level 6. HP: 48/49 MP: 6/6
  4190 | D:4      | Reached skill level 5 in Fighting
  4342 | D:4      | Found a shadowy altar of Dithmenos.
  4997 | D:5      | Entered Level 5 of the Dungeon
  5151 | D:5      | Gained mutation: You are completely covered in large bone
                  | plates. (SH +8) [demonic ancestry]
  5151 | D:5      | Reached XP level 7. HP: 56/56 MP: 7/7
  5656 | D:5      | Reached skill level 6 in Fighting
  5854 | D:5      | Found a runed translucent gate.
  5854 | D:5      | Found a runed translucent gate.
  5854 | D:5      | Found a runed translucent gate.
  5859 | D:5      | Noticed dolemite99's ghost (novice DsBe)
  6299 | D:5      | Reached skill level 1 in Bows
  6618 | D:5      | Reached XP level 8. HP: 55/65 MP: 8/8
  6693 | D:5      | Reached skill level 7 in Fighting
  6834 | D:6      | Reached skill level 5 in Stealth
  6886 | D:6      | Learned a level 1 spell: Apportation
  7015 | D:6      | Noticed Duvessa
  7028 | D:6      | Noticed Dowan
  7407 | D:5      | Reached skill level 5 in Bows
  7584 | D:5      | Slain by a wight

Illustrated notes

Levels and vault maps discovered:
D:1:      onia_arrival_mini_maze_b, layout_basic,
          shapermc_ecumenical_altar_ellora
D:2:      minmay_roachtagon, layout_loops_ring, uniq_sigmund
D:3:      minmay_angry_zag, layout_basic
D:4:      layout_gridville, lemuel_round_altar
D:5:      layout_loops_ring, gammafunk_ghost_necromancy
D:6:      nicolae_cairo_tiling_large_dashed, layout_loops_ring, serial_shops,
          nicolae_shop_stone, grunt_ministairs_15, uniq_duvessa, uniq_maggie

Skill      XL: |  1  2  3  4  5  6  7  8 |
---------------+-------------------------+-----
Stealth        | 1 3 4 5 |  5.0
Fighting       | 2 4 5 6 7 |  7.0
Polearms       | 1 2 |  2.0
Maces & Flails | 1 2 |  2.0
Bows           | 1 5 |  5.4
Armour         | |  1.7
Dodging        | |  0.8
Evocations     | |  3.0

Action                   |  1- 3 |  4- 6 |  7- 9 || total
-------------------------+-------+-------+-------++-------
Melee: Short sword       |    82 |   162 |    91 ||   335
       Club              |    18 |       |       ||    18
       Spear             |    10 |       |       ||    10
       Punch             |     1 |     4 |     2 ||     7
       Tailslap          |       |    24 |    22 ||    46
       Whip              |       |       |    38 ||    38
 Fire: Hunting sling     |    27 |    36 |       ||    63
       Shortbow          |       |       |    45 ||    45
Evoke: Wand              |     4 |       |     1 ||     5
  Use: Scroll            |       |     8 |     3 ||    11
       Potion            |       |       |     6 ||     6
 Stab: Sleeping          |     1 |       |       ||     1
Armor: Leather armour    |    12 |       |       ||    12
       Ring mail         |     6 |    54 |    53 ||   113
Dodge: Dodged            |    54 |    56 |    77 ||   187
Block: Other             |    11 |    32 |    67 ||   110

Table legend: (Time is in decaauts)
 A = Elapsed time spent in this place.
 B = Non-inter-level travel time spent in this place.
 C = Inter-level travel time spent in this place.
 D = Time resting spent in this place.
 E = Time spent auto-exploring this place.
 F = Levels seen in this place.
 G = Mean time per level.
                   A        B        C        D        E       F      G
               +--------+--------+--------+--------+--------+-----+--------+
         Total |   7540 |   7332 |    208 |   3020 |   3217 |   6 | 1256.7 |
       Dungeon |   7540 |   7332 |    208 |   3020 |   3217 |   6 | 1256.7 |
               +--------+--------+--------+--------+--------+-----+--------+

Top non-repeatable levels by time:
     D:5: 2277 daAuts
     D:1: 1541 daAuts
     D:4: 1289 daAuts
     D:2: 1229 daAuts
     D:3: 914 daAuts
     D:6: 288 daAuts
